 Dungeon Crawl Stone Soup version 0.30-a0-743-gbfdf073431 (webtiles) character file.

Game seed: 16071485724924982538

5331 cforsyth the Summoner (level 10, -6/50 HPs)
             Began as a Tengu Summoner on Feb 7, 2023.
             Mangled by a komodo dragon (28 damage)
             ... on level 8 of the Dungeon on Feb 8, 2023.
             The game lasted 00:25:53 (9335 turns).

cforsyth the Summoner (Tengu Summoner)              Turns: 9335, Time: 00:25:53

Health: -6/50      AC:  3    Str: 14    XL:     10   Next: 64%
Magic:  22/25      EV: 14    Int: 20    God:
Gold:   883        SH:  0    Dex: 15    Spells: 10/29 levels left

rFire   . . .      SeeInvis .    (no weapon)
rCold   . . .      Faith    .    (no shield)
rNeg    . . .      Spirit   .    a - +0 robe
rPois   .          Reflect  .    (helmet restricted)
rElec   .          Harm     .    (no cloak)
rCorr   .          Rampage  .    o - +0 pair of gloves
Will    .....                    (boots unavailable)
Stlth   ++                       B - amulet of regeneration
HPRegen 1.08/turn                g - +6 ring of strength
MPRegen 0.19/turn                (no ring)

@: flying quickly and evasively, quick
A: beak, talons 3, nimble flight
a: no special abilities


You were on level 8 of the Dungeon.
You visited 2 branches of the dungeon, and saw 9 of its levels.
You also visited: Ossuary.

You collected 883 gold pieces.

Inventory:

Armour
 a - a +0 robe (worn)
 o - a +0 pair of gloves (worn)
Jewellery
 g - a +6 ring of strength (left hand)
 w - a ring of fire
 B - an amulet of regeneration (around neck)
Wands
 p - a wand of polymorph (4)
 q - a wand of light (7)
 r - a wand of roots (29)
 t - a wand of flame (24)
 C - a wand of mindburst (12)
Scrolls
 d - a scroll of amnesia
 e - a scroll of vulnerability
 f - 2 scrolls of enchant weapon {unknown}
 j - a scroll of torment {unknown}
 k - a scroll of fog {unknown}
 l - 4 scrolls of fear
 m - a scroll of noise {unknown}
 n - a scroll of poison {unknown}
 u - 2 scrolls of teleportation
 y - a scroll of enchant armour {unknown}
Potions
 b - a potion of magic
 c - a potion of invisibility
 h - 4 potions of curing
 i - a potion of berserk rage
 s - 2 potions of lignification
 v - 2 potions of attraction
 x - a potion of resistance
 z - a potion of cancellation
 A - 3 potions of heal wounds {unknown}


   Skills:
 - Level 2.1 Dodging
 - Level 2.0 Stealth
 + Level 10.3 Spellcasting
 + Level 13.8 Summonings


You had 10 spell levels left.
You knew the following spells:

 Your Spells              Type           Power      Damage    Failure   Level
a - Summon Small Mammal   Summ           100%       N/A       1%          1
b - Call Imp              Summ           60%        N/A       1%          2
c - Call Canine Familiar  Summ           60%        N/A       1%          3
d - Summon Guardian Gole  Hex/Summ       37%        N/A       1%          3
e - Summon Lightning Spi  Summ/Air       37%        N/A       4%          4
g - Summon Cactus Giant   Summ           30%        N/A       3%          6

Your spell library contained the following spells:

 Spells                   Type           Power      Damage    Failure   Level
 Scorch                   Fire           20%        2d6       10%         2
 Flame Wave               Conj/Fire      10%        2d6       54%         4


Dungeon Overview and Level Annotations

Branches:
Dungeon (8/15)             Temple (1/1) D:7            Lair (0/5) D:8
Ossuary (visited)

Altars:
Ashenzari
Cheibriados
Dithmenos
Elyvilon
Fedhas
Hepliaklqana
Kikubaaqudgha
Makhleb
Nemelex Xobeh
Okawaru
Qazlal
Ru
Sif Muna
Trog
Uskayaw
Vehumet
Wu Jian
Yredelemnul
Zin
The Shining One

Shops:
D:4 !

Annotations:
D:8 2 transporters, Bediveer's ghost, novice OgFi


Innate Abilities, Weirdness & Mutations

You have a beak for a mouth.
You have claws for feet.
Your magical nature lets you fly swiftly and evasively.


Message History

Confirm with . or Enter, or press ? or * to list all spells.
Your wolf bites the orc.
The orc misses your wolf.
Your wolf closely misses the orc.
Your wolf bites the orc.
The orc dies!
You swap places.
You see here a +0 hand axe.
f - 2 scrolls labelled OGAICHISAN (gained 1)
You swap places.
You now have 865 gold pieces (gained 20).
You swap places.
Found a staircase to the Lair.
You now have 883 gold pieces (gained 18).
You swap places.
There is a stone staircase leading down here.
A komodo dragon comes into view.
Your wolf bites the komodo dragon.
Your wolf bites the komodo dragon!
The komodo dragon closely misses your wolf.
Your wolf bites the komodo dragon!
The komodo dragon misses your wolf.
Your wolf bites the komodo dragon.
Your wolf bites the komodo dragon.
The komodo dragon bites your wolf!
Your wolf bites the komodo dragon.
Your wolf bites the komodo dragon.
The komodo dragon bites your wolf!!
Your wolf dies!
Your wolf's corpse disappears in a puff of smoke!
The komodo dragon hisses angrily.
Casting: Call Canine Familiar (safe; 1% risk of failure)
Confirm with . or Enter, or press ? or * to list all spells.
You hit the komodo dragon but do no damage.
You claw the komodo dragon.
The komodo dragon is almost dead.
The komodo dragon bites you!!
Ouch! That really hurt!
You hit the komodo dragon but do no damage.
Your kick misses the komodo dragon.
You peck the komodo dragon, but do no damage.
The komodo dragon is almost dead.
The komodo dragon bites you!!
Ouch! That really hurt!
You die...

#P......#### #..[......##....
#PP.....## #####...###.##...#
#PPP.....# #.......# #.##...#
#PP......## #.#####.# #.......
#P...P....###.#####.###.##.###
#P....P....................#
#P.>.P.P.####>.#....#.#.##.#
#P......## #..#....#.#.##.#
#..PP...# #@l.........##.#
##PPPP.## ##h###.##.####<###
####### #.###.##.####..).
#.### #......#..|..)##. #
#.#.. #####...######)# . #.
#.#.###.# #(..# #.# . ...
.....#.# #...######.##. o.
#D.)...#####......)).....
#o##oo#.#............)..##..


You could see a komodo dragon (ally target) and a friendly warg (summoned).

Vanquished Creatures
  A black bear (D:5)
  A phantom (D:4)
  2 scorpions
  3 adders
  2 ball pythons (D:1)
  An endoplasm (D:3)
  3 hobgoblins
  A jackal (D:2)
  A quokka (D:1)
  A bat (D:1)
  A frilled lizard (D:3)
  A kobold (D:4)
  3 rats
21 creatures vanquished.

Vanquished Creatures (collateral kills)
  A cyclops (D:7)
  2 kobold demonologists (D:7)
  2 steam dragons
  A water moccasin (D:7)
  2 ice beasts (D:7)
  3 orc warriors
  2 sky beasts (D:7)
  2 ogres
  2 centaurs
  A phantom (D:4)
  A bullfrog (D:8)
  3 kobold brigands (D:7)
  8 scorpions
  A gnoll sergeant (D:7)
  9 wights
  A howler monkey (D:8)
  3 jellies
  A gnoll bouda (D:7)
  5 orc priests
  5 hounds
  2 iguanas (D:7)
  Terence (D:2)
  Ijyb (D:3)
  3 orc wizards
  2 mummies (Ossuary)
  2 gnolls (D:7)
  7 adders
  3 white imps
  2 ufetubi
  3 worms
  3 dart slugs
  30 orcs
  5 bats
  3 endoplasms
  6 giant cockroaches
  3 gnoll zombies (Ossuary)
  13 goblins
  7 hobgoblins
  7 jackals
  5 quokkas
  9 ball pythons
  6 frilled lizards
  4 goblin zombies (Ossuary)
  4 hobgoblin zombies (Ossuary)
  7 kobolds
  3 orc zombies (Ossuary)
  12 rats
  A butterfly (D:5)
209 creatures vanquished.

Vanquished Creatures (others)
  Maggie (D:6)
  A gnoll sergeant (D:7)
  A scorpion (D:5)
  A killer bee (D:5)
  An iguana (D:7)
  An orc wizard (D:8)
  A gnoll (D:7)
  2 orcs (D:8)
  A butterfly (D:5)
  20 plants (D:8)
30 creatures vanquished.

Grand Total: 260 creatures vanquished

Notes
Turn   | Place    | Note
-------+----------+-------------------------------------------
     0 | D:1      | cforsyth the Tengu Summoner began the quest for the Orb.
     0 | D:1      | Reached XP level 1. HP: 10/10 MP: 4/4
   188 | D:1      | Reached skill level 5 in Summonings
   225 | D:1      | Reached XP level 2. HP: 15/15 MP: 3/6
   259 | D:1      | Learned a level 2 spell: Call Imp
   489 | D:1      | Reached XP level 3. HP: 18/19 MP: 2/7
   494 | D:1      | Learned a level 3 spell: Call Canine Familiar
  1301 | D:2      | Reached XP level 4. HP: 24/24 MP: 5/9
  1653 | D:2      | Noticed Terence
  1677 | D:2      | Killed Terence
  1678 | D:2      | Reached skill level 6 in Summonings
  2259 | D:3      | Noticed Ijyb
  2266 | D:3      | Killed Ijyb
  2267 | D:3      | Gained mutation: Your magical nature lets you fly swiftly
                  | and evasively. [Tengu growth]
  2267 | D:3      | Reached XP level 5. HP: 20/28 MP: 6/11
  2279 | D:3      | Learned a level 3 spell: Summon Guardian Golem
  2614 | D:3      | Found a faded altar of an unknown god.
  2667 | D:3      | Found a stormy altar of Qazlal.
  3329 | D:4      | Noticed a phantom
  3348 | D:4      | Killed a phantom
  3349 | D:4      | Reached skill level 7 in Summonings
  3349 | D:4      | Reached XP level 6. HP: 32/32 MP: 6/13
  3355 | D:4      | Learned a level 4 spell: Summon Lightning Spire
  3672 | D:4      | Reached XP level 7. HP: 31/36 MP: 11/15
  3719 | D:4      | Reached skill level 5 in Spellcasting
  3832 | D:4      | Found a snail-covered altar of Cheibriados.
  3874 | D:4      | Found Faps's Distillery.
  3967 | D:4      | Reached skill level 8 in Summonings
  4613 | D:5      | Entered Level 5 of the Dungeon
  4884 | D:5      | Found a runed translucent door.
  4921 | D:5      | You are sucked into a shaft and drop 1 floor!
  4945 | D:6      | Noticed Maggie
  5387 | D:6      | Killed Maggie
  5388 | D:6      | Reached skill level 9 in Summonings
  5388 | D:6      | Reached XP level 8. HP: 41/41 MP: 9/18
  5718 | D:6      | Found a sacrificial altar of Ru.
  6360 | D:5      | Identified the -1 cloak "Ujupaloq" {rElec rC+++ rCorr
                  | Int-5}
  6436 | D:5      | Reached skill level 10 in Summonings
  6533 | D:5      | Found a glowing golden altar of the Shining One.
  6633 | D:5      | Found a runed translucent door.
  6743 | D:5      | Reached XP level 9. HP: 29/45 MP: 3/21
  6949 | D:7      | Found a broken altar of Ashenzari.
  6966 | D:7      | Reached skill level 11 in Summonings
  7214 | D:7      | Noticed a kobold demonologist
  7219 | D:7      | Noticed a kobold demonologist
  7226 | D:7      | Killed a kobold demonologist
  7228 | D:7      | Reached skill level 12 in Summonings
  7235 | D:7      | Killed a kobold demonologist
  7412 | D:7      | Reached XP level 10. HP: 50/50 MP: 18/24
  7412 | D:7      | Noticed a cyclops
  7421 | D:7      | Killed a cyclops
  7436 | D:7      | Reached skill level 13 in Summonings
  7656 | D:7      | Learned a level 6 spell: Summon Cactus Giant
  7790 | D:7      | Noticed a moth of wrath
  7793 | D:7      | Found a bloodstained altar of Trog.
  7909 | D:7      | Found a staircase to the Ecumenical Temple.
  7918 | Temple   | Entered the Ecumenical Temple
  8363 | D:7      | Found a blossoming altar of Fedhas.
  8429 | D:8      | Found a sand-covered staircase.
  8454 | D:8      | Reached skill level 10 in Spellcasting
  8533 | Ossuary  | Entered an ossuary
  8890 | D:8      | Found a transporter.
  8966 | D:8      | Found a transporter.
  9082 | D:8      | Noticed Bediveer's ghost (novice OgFi)
  9297 | D:8      | Found a staircase to the Lair.
  9335 | D:8      | Mangled by a komodo dragon

Illustrated notes

Levels and vault maps discovered:
D:1:      dpeg_arrival_three_smaller_balls, layout_loops_ring
D:2:      layout_loops_ring, minmay_pentomino_x2, uniq_terence
D:3:      layout_loops_ring, mainiacjoe_overflow_alcove_4,
          ebering_ecumenical_altar_box, minmay_box_of_dots, uniq_ijyb
D:4:      layout_loops_corners, nicolae_overflow_crystal_walls, serial_shops,
          shop_fountains, minmay_bent
D:5:      lemuel_insect_pit, layout_basic, general_overflow_altar
D:6:      layout_basic, mainiacjoe_overflow_cross_hatched, uniq_maggie
D:7:      hangedman_cross_stitches, layout_rooms, lemuel_round_altar, tgw_trog,
          cheibrodos_ashenzari_chains, minmay_temple_entry_statues_pillars,
          dk_rats_in_the_wall
D:8:      layout_loops_cross, david_lair_shrubbed, gammafunk_ghost_hive,
          nicolae_ossuary_entry_ruins, guppyfry_early_elven_hall
Temple:   compressed_dpeg_triangle_lava_temple

Skill      XL: |  1  2  3  4  5  6  7  8  9 10 |
---------------+-------------------------------+-----
Summonings     | 5 6 7 9 10 12 13 | 13.8
Spellcasting   | 3 4 6 7 9 10 | 10.3
Dodging        | |  2.1
Stealth        | |  2.0

Action                     |  1- 3 |  4- 6 |  7- 9 | 10-12 || total
---------------------------+-------+-------+-------+-------++-------
  Melee: Unarmed           |    23 |    24 |    45 |    13 ||   105
         Kick              |    11 |     7 |    13 |     4 ||    35
         Peck              |     6 |     4 |     7 |     3 ||    20
         Punch             |     1 |       |     2 |       ||     3
   Cast: Summon Small Mamm |    16 |    13 |    15 |    17 ||    61
         Call Imp          |     4 |     8 |    12 |     9 ||    33
         Call Canine Famil |     6 |    17 |    31 |    17 ||    71
         Summon Guardian G |       |     1 |    10 |     9 ||    20
         Summon Lightning  |       |       |     9 |     9 ||    18
    Use: Scroll            |       |     7 |     5 |     1 ||    13
         Potion            |       |       |       |     1 ||     1
   Stab: Distracted        |       |     1 |     1 |     1 ||     3
 Armour: Robe              |    21 |     7 |    15 |    10 ||    53
  Dodge: Dodged            |    31 |    39 |    64 |    33 ||   167

Table legend: (Time is in decaauts)
 A = Elapsed time spent in this place.
 B = Non-inter-level travel time spent in this place.
 C = Inter-level travel time spent in this place.
 D = Time resting spent in this place.
 E = Time spent auto-exploring this place.
 F = Levels seen in this place.
 G = Mean time per level.
                   A        B        C        D        E       F      G
               +--------+--------+--------+--------+--------+-----+--------+
         Total |   8940 |   8651 |    289 |    400 |   6105 |  10 |  894.0 |
       Dungeon |   8462 |   8186 |    276 |    400 |   5778 |   8 | 1057.8 |
        Temple |    249 |    237 |     12 |      0 |    219 |   1 |  249.0 |
       Ossuary |    229 |    229 |      0 |      0 |    107 |   1 |  229.0 |
               +--------+--------+--------+--------+--------+-----+--------+

Top non-repeatable levels by time:
     D:4: 1502 daAuts
     D:6: 1216 daAuts
     D:7: 1152 daAuts
     D:2: 1102 daAuts
     D:1: 1061 daAuts
     D:5: 985 daAuts
     D:3: 798 daAuts
     D:8: 644 daAuts
  Temple: 249 daAuts
 Ossuary: 229 daAuts
